 Dungeon Crawl Stone Soup version 0.24-a0-809-g71cb82d (webtiles) character file.

Game seed: 17009986041740305695, levelgen mode: deterministic

15666 DrEnzyme the Covert (level 12, 0/100 HPs)
             Began as a Vine Stalker Wanderer on Oct 10, 2019.
             Was a High Priest of Okawaru.
             Slain by a wyvern simulacrum (9 damage)
             ... in a Gauntlet.
             The game lasted 00:52:51 (13239 turns).

DrEnzyme the Covert (Vine Stalker Wanderer)        Turns: 13239, Time: 00:52:52

Health: 0/100      AC: 26    Str: 18    XL:     12   Next: 29%
Magic:  0/13       EV:  2    Int: 10    God:    Okawaru [*****.]
Gold:   567        SH:  0    Dex: 18    Spells: 11/11 levels left

rFire    + . .     SeeInvis .   b - +2 flail (holy)
rCold    . . .     Gourm    .   (no shield)
rNeg     + + +     Faith    .   (armour currently unavailable)
rPois    +         Spirit   +   (helmet currently unavailable)
rElec    .         Reflect  .   (cloak currently unavailable)
rCorr    .         Harm     .   (gloves currently unavailable)
MR       +....     NoTele   +   (boots currently unavailable)
Stlth    +++++.....             x - amulet of rage
HPRegen  1.06/turn              (no ring)
MPRegen  0.13/turn              i - ring of protection from fire

@: tree-form
A: regeneration 2, magic shield, no potion heal 3, rot immunity
a: Heroism, Finesse, Renounce Religion, Evoke Berserk Rage


You were in a Gauntlet.
You worshipped Okawaru.
Okawaru was extremely pleased with you.
You were not hungry.
You were a tree.
You visited 3 branches of the dungeon, and saw 14 of its levels.
You also visited: Gauntlet.

You collected 777 gold pieces.
You spent 210 gold pieces at shops.

Inventory:

Hand Weapons
 a - a +4 dagger of venom
 b - a +2 flail of holy wrath (weapon)
 d - a +0 dagger of flaming
 z - a +2 whip of freezing
 D - a +6 scimitar
 H - the +7 dagger "Jaaciv" {freeze, rElec rPois Dex+2, unknown}
   (Okawaru gifted it to you on level 1 of the Lair of Beasts)

   It has been specially enchanted to freeze those struck by it, causing extra
   injury to most foes and up to half again as much damage against particularly
   susceptible opponents.
   It can also slow down cold-blooded creatures.
   It affects your dexterity (+2).
   It insulates you from electricity.
   It protects you from poison.
 I - the +9 trident of the Desert {flame, rElec rC+, unknown}
   (You found it on level 9 of the Dungeon)

   It has been specially enchanted to burn those struck by it, causing extra
   injury to most foes and up to half again as much damage against particularly
   susceptible opponents.
   It protects you from cold.
   It insulates you from electricity.
Missiles
 l - 6 javelins
 q - a throwing net
 P - 10 poisoned darts (quivered)
Armour
 h - a scarf of cloud immunity (melded)
 v - a +2 pair of boots (melded)
 y - a +2 robe of the Archmagi
 A - the +3 hat of Pondering {ponderous, MR+ MP+10 Int+5}
   (You took it off Gastronok on level 1 of the Lair of Beasts)

   It affects your intelligence (+5).
   It affects your resistance to hostile enchantments.
   It affects your magic capacity (+10).
 F - the +1 ring mail of the Illusory Wonders {rN+ MR+}
   (You found it on level 8 of the Dungeon)

   It protects you from negative energy.
   It affects your resistance to hostile enchantments.
 J - a +4 ring mail of poison resistance (melded)
Jewellery
 i - a ring of protection from fire (right branch)
 x - an amulet of rage (around neck)
 M - an uncursed ring of fire
Wands
 g - a wand of polymorph (18)
 B - a wand of flame (26)
 K - a wand of digging (5)
 O - a wand of acid (9)
Scrolls
 c - 2 scrolls of immolation
 n - a scroll of holy word
 p - 5 scrolls of remove curse
 r - a scroll of fear
 s - 3 scrolls of magic mapping
 G - 2 scrolls of amnesia
Potions
 e - a potion of agility
 j - a potion of magic
 k - 8 potions of curing
 m - a potion of lignification
 o - 2 potions of cancellation
 t - a potion of mutation
 u - a potion of brilliance {unknown}
 w - a potion of degeneration {unknown}
 C - 2 potions of flight
 E - a potion of ambrosia {unknown}
Comestibles
 f - 16 rations


   Skills:
 * Level 9.4 Fighting
 + Level 7.4 Short Blades
 + Level 4.0 Maces & Flails
   Level 1.0 Crossbows
 + Level 2.0 Throwing
 + Level 7.4 Armour
 + Level 5.4 Dodging
 * Level 12.0 Stealth
   Level 1.0 Shields
 + Level 0.7 Evocations


You had 11 spell levels left.
You didn't know any spells.
Your spell library contained the following spells:

 Spells                   Type           Power        Failure   Level  Hunger
 Animate Skeleton         Necr           N/A          36%         1    ##.....
 Pain                     Necr           #...         36%         1    ##.....
 Regeneration             Chrm/Necr      #.........   75%         3    ####...
 Vampiric Draining        Necr           #.........   75%         3    ####...
 Animate Dead             Necr           N/A          98%         4    #####..


Dungeon Overview and Level Annotations

Branches:
Dungeon (11/15)            Temple (1/1) D:5            Lair (2/6) D:8
Gauntlet (1/1)
  Swamp: Lair:2-4    Shoals: Lair:2-4     Snake: Lair:2-4    Spider: Lair:2-4
    Orc: D:9-12

Altars:
Ashenzari
Cheibriados
Dithmenos
Elyvilon
Fedhas
Gozag
Hepliaklqana
Kikubaaqudgha
Makhleb
Nemelex Xobeh
Okawaru
Qazlal
Ru
Sif Muna
Trog
Uskayaw
Vehumet
Wu Jian
Xom
Yredelemnul
Zin
The Shining One
Beogh

Shops:
D:8 ?

Annotations:
D:2 1 runed translucent door, exclusion: door, Crazy Yiuf
D:3 3 runed translucent doors, exclusion: 3 doors, Salanewt's ghost, amateur BaIE
D:6 1 runed translucent door, retro's ghost, novice MiBe
Lair:1 Erica Gauntlet 11 transporters, 21 runed translucent doors, exclusion: ice statue


Innate Abilities, Weirdness & Mutations

((You have razor-sharp teeth.))
You heal very quickly.
When hurt, damage is shared between your health and your magic reserves.
((Your bite disrupts and absorbs the magic of your enemies.))
Potions cannot restore your health.
You are immune to rotting.


Message History

Okawaru accepts your kill.
The centaur warrior simulacrum hits you.
The centaur warrior simulacrum freezes you!
The wyvern simulacrum bites you. The wyvern simulacrum freezes you.
The centaur warrior simulacrum hits you.
The centaur warrior simulacrum freezes you!!
* * * LOW HITPOINT WARNING * * *
The centaur warrior simulacrum hits you but does no damage.
The wyvern simulacrum bites you but does no damage.
The centaur warrior simulacrum hits you but does no damage.
You hit the centaur warrior simulacrum.
The centaur warrior simulacrum convulses.
The centaur warrior simulacrum is severely damaged.
The wyvern simulacrum bites you but does no damage.
The centaur warrior simulacrum hits you but does no damage. x2
The centaur warrior simulacrum barely misses you.
The wyvern simulacrum bites you.
* * * LOW HITPOINT WARNING * * *
The wyvern simulacrum freezes you!
You die...

#########################
###§§...........≈∩≈........
#8#.§.....©.............©..
###..###########...########
#..#.........#...#..#.##.
###..#.........#.∩.#P#..#.#
#8#..#.........#...##.##.##
###..#...Z○Z...#...###..#..
#..#....♣....#...#####.©P
###..#.....Z...#...#....###
#8#..#.........#...##.####.
###..#.........#...#..##8#)
#..#....©=?..#...#P...©k#
###..###########...########
#8#.....#.©.#....≈....#.©.#
###...8.#...#...§8≈...#...#
#.....#.©.#....≈....#.©.#


You could see a wyvern simulacrum and 2 centaur warrior simulacra.

Vanquished Creatures
  Gastronok (Lair:1)
  3 two-headed ogres
  A deep troll (Lair:1)
  Pikel (D:8)
  2 ugly things (D:11)
  Maurice (D:8)
  Psyche (D:7)
  A komodo dragon (D:10)
  2 trolls
  A queen bee (D:9)
  A centaur simulacrum (Gauntlet)
  2 wraiths (D:11)
  Sigmund (D:4)
  11 yaks
  A basilisk (D:8)
  2 hungry ghosts
  Menkaure (D:4)
  2 water moccasins
  Duvessa (D:4)
  A porcupine (Lair:1)
  A sky beast (D:11)
  3 black bears
  3 orc warriors
  An ice beast (D:8)
  3 slaves (D:8)
  A necrophage (D:11)
  4 centaurs
  4 ogres
  3 crocodiles
  15 big kobolds
  8 bullfrogs
  Dowan (D:5)
  20 killer bees
  2 scorpions (D:5)
  6 wights (D:9)
  2 howler monkeys
  A crimson imp (D:8)
  2 bullfrog zombies
  4 jellies
  4 orc priests
  2 centaur skeletons
  2 hounds
  13 orc wizards
  Jessica (D:2)
  4 iguanas
  9 worker ants
  2 hound skeletons (D:7)
  A worker ant zombie (D:9)
  A howler monkey skeleton (D:10)
  7 adders
  4 shadow imps
  An ooze (D:4)
  An adder zombie (D:8)
  2 adder skeletons
  9 worms
  4 dart slugs
  6 leopard geckos
  34 orcs
  3 giant cockroaches
  14 goblins
  6 hobgoblins
  14 jackals
  20 kobolds
  8 quokkas
  A ball python (D:4)
  5 bats
  4 frilled lizards
  3 leopard gecko skeletons
  4 rats
310 creatures vanquished.

Notes
Turn   | Place    | Note
-------+----------+-------------------------------------------
     0 | D:1      | DrEnzyme the Vine Stalker Wanderer began the quest for the
                  | Orb.
     0 | D:1      | DrEnzyme set off with the following items: a +2 mace, a
                  | potion of lignification, a +0 ring mail, a ration
     0 | D:1      | Reached XP level 1. HP: 11/11 MP: 2/2
   132 | D:1      | Reached XP level 2. HP: 13/16 MP: 3/3
   807 | D:1      | Reached XP level 3. HP: 16/20 MP: 2/4
   956 | D:2      | Noticed Jessica
  1276 | D:2      | Killed Jessica
  1276 | D:2      | Reached skill level 2 in Stealth
  1276 | D:2      | Gained mutation: Your natural rate of healing is unusually
                  | fast. [Vine Stalker growth]
  1276 | D:2      | Reached XP level 4. HP: 13/24 MP: 1/5
  2131 | D:2      | Reached XP level 5. HP: 28/28 MP: 6/6
  2180 | D:2      | Found a runed translucent door.
  2181 | D:2      | Noticed Crazy Yiuf
  2540 | D:3      | Found a runed translucent gate.
  2540 | D:3      | Found a runed translucent gate.
  2540 | D:3      | Found a runed translucent gate.
  2542 | D:3      | Identified the cursed +0 scale mail "Toloazue" {rF- Str+5}
  2543 | D:3      | Noticed Salanewt's ghost (amateur BaIE)
  2546 | D:3      | Found a roughly hewn altar of Beogh.
  2853 | D:3      | Reached skill level 3 in Stealth
  2854 | D:3      | Found a sacrificial altar of Ru.
  2899 | D:3      | Reached skill level 1 in Short Blades
  2899 | D:3      | Reached skill level 1 in Dodging
  3380 | D:3      | Reached XP level 6. HP: 32/32 MP: 5/7
  3741 | D:4      | Noticed Sigmund
  3774 | D:5      | Entered Level 5 of the Dungeon
  3878 | D:5      | Found a staircase to the Ecumenical Temple.
  3890 | Temple   | Entered the Ecumenical Temple
  4024 | Temple   | Became a worshipper of Warmaster Okawaru
  4121 | D:5      | Reached skill level 4 in Stealth
  4394 | D:5      | Reached XP level 7. HP: 37/37 MP: 8/8
  4472 | D:5      | Reached * piety under Okawaru
  4620 | D:4      | Noticed Menkaure
  4755 | D:6      | Found a hide-covered altar of Uskayaw.
  4766 | D:6      | Found a runed translucent door.
  4766 | D:6      | Found a shimmering altar of Xom.
  4766 | D:6      | Noticed retro's ghost (novice MiBe)
  4770 | D:6      | Noticed a +1 dagger of chaos
  4793 | D:6      | Found a basalt altar of Yredelemnul.
  4816 | D:6      | Reached skill level 5 in Stealth
  5100 | D:6      | Gained mutation: You have razor-sharp teeth. [Vine Stalker
                  | growth]
  5100 | D:6      | Reached XP level 8. HP: 29/42 MP: 4/9
  5175 | D:6      | Found a shattered altar of Ashenzari.
  5321 | D:6      | Reached ** piety under Okawaru
  5415 | D:6      | Reached skill level 5 in Fighting
  5687 | D:7      | Found Jyck's Armour Boutique.
  5773 | D:7      | Found a shimmering altar of Xom.
  5831 | D:7      | Reached skill level 6 in Stealth
  6233 | D:7      | Found a shimmering altar of Xom.
  6234 | D:7      | Found a shimmering altar of Xom.
  6234 | D:7      | Found a shimmering altar of Xom.
  6234 | D:7      | Found a shimmering altar of Xom.
  6234 | D:7      | Found a shimmering altar of Xom.
  6234 | D:7      | Found a shimmering altar of Xom.
  6235 | D:7      | Found a shimmering altar of Xom.
  6374 | D:4      | Reached skill level 7 in Stealth
  6415 | D:4      | Killed Menkaure
  6415 | D:4      | Reached XP level 9. HP: 20/48 MP: 5/10
  6428 | D:4      | Noticed Duvessa
  6430 | D:4      | Noticed Dowan
  6577 | D:4      | Killed Duvessa
  6587 | D:5      | Killed Dowan
  6664 | D:4      | Killed Sigmund
  6664 | D:4      | Reached *** piety under Okawaru
  6664 | D:4      | Reached skill level 8 in Stealth
  7026 | D:4      | Reached skill level 5 in Armour
  7435 | D:8      | Noticed Psyche
  7451 | D:7      | Killed Psyche
  7606 | D:8      | Found an ornate altar of the Wu Jian Council.
  7646 | D:8      | Reached **** piety under Okawaru
  7657 | D:8      | Found a staircase to the Lair.
  7657 | D:8      | Noticed an elephant
  7657 | D:8      | Noticed Maurice
  7701 | D:8      | Reached skill level 9 in Stealth
  7776 | D:8      | Reached XP level 10. HP: 53/53 MP: 11/11
  7821 | D:8      | Found Yssoug's Magic Scroll Boutique.
  7848 | D:8      | Killed Maurice
  7848 | D:8      | Reached skill level 5 in Short Blades
  7856 | D:8      | Bought a scroll of identify for 30 gold pieces
  7856 | D:8      | Bought a scroll of identify for 30 gold pieces
  7856 | D:8      | Bought a scroll of teleportation for 45 gold pieces
  7856 | D:8      | Bought a scroll of teleportation for 45 gold pieces
  7856 | D:8      | Bought a scroll of identify for 30 gold pieces
  7856 | D:8      | Bought a scroll of identify for 30 gold pieces
  8031 | D:8      | Noticed Pikel
  8040 | D:8      | Killed Pikel
  8150 | D:8      | Found a stormy altar of Qazlal.
  8213 | D:9      | Reached skill level 10 in Stealth
  8220 | D:9      | Reached ***** piety under Okawaru
  8252 | D:8      | Got a faintly humming ring mail
  8263 | D:8      | Identified the +1 ring mail of the Illusory Wonders {rN+
                  | MR+} (You found it on level 8 of the Dungeon)
  8775 | D:9      | Received a gift from Okawaru
  9126 | D:9      | Noticed a two-headed ogre
  9225 | D:9      | Got a polished trident
  9588 | D:10     | Entered Level 10 of the Dungeon
  9793 | D:10     | Noticed a kobold demonologist
  9857 | D:10     | Reached XP level 11. HP: 23/60 MP: 3/12
  9993 | D:10     | Reached skill level 11 in Stealth
 10562 | D:10     | Received a gift from Okawaru
 10666 | D:11     | Noticed a white ugly thing
 10673 | D:11     | Killed a white ugly thing
 10747 | D:11     | Noticed a two-headed ogre
 10987 | D:11     | Noticed a two-headed ogre
 11019 | D:11     | Killed a two-headed ogre
 11164 | D:11     | Noticed a red ugly thing
 11193 | D:11     | Killed a red ugly thing
 11389 | D:11     | Killed a two-headed ogre
 11389 | D:11     | Reached skill level 1 in Throwing
 11883 | D:9      | Killed a two-headed ogre
 11883 | D:9      | Reached skill level 5 in Dodging
 12086 | Lair:1   | Entered Level 1 of the Lair of Beasts
 12141 | Lair:1   | Noticed Urug
 12156 | Lair:1   | Noticed Urug
 12156 | Lair:1   | Urug changed into Urug the deep troll
 12418 | Lair:1   | Noticed Gastronok
 12437 | Lair:1   | Killed Gastronok
 12437 | Lair:1   | Gained mutation: You heal very quickly. [Vine Stalker
                  | growth]
 12437 | Lair:1   | Reached XP level 12. HP: 66/66 MP: 13/13
 12507 | Lair:1   | Killed Urug the deep troll
 12650 | Lair:1   | Received a gift from Okawaru
 12653 | Lair:1   | Got a steaming dagger {god gift}
 12717 | Lair:1   | Noticed Erica
 12945 | Lair:1   | Reached skill level 12 in Stealth
 12978 | Lair:2   | Found a gate leading to a gauntlet.
 12986 | Gauntlet | Entered a Gauntlet
 12986 | Gauntlet | Found a transporter.
 12986 | Gauntlet | Found a transporter.
 12986 | Gauntlet | Found a transporter.
 12990 | Gauntlet | Found a transporter.
 12999 | Gauntlet | Found a transporter.
 12999 | Gauntlet | Found a transporter.
 12999 | Gauntlet | Noticed a death scarab
 13000 | Gauntlet | Found a transporter.
 13001 | Gauntlet | Found a transporter.
 13004 | Gauntlet | Found a transporter.
 13004 | Gauntlet | Found a transporter.
 13006 | Gauntlet | Found a large runed translucent door.
 13007 | Gauntlet | Found a large runed translucent door.
 13008 | Gauntlet | Found a large runed translucent door.
 13008 | Gauntlet | Found a large runed translucent door.
 13008 | Gauntlet | Found a runed translucent door.
 13008 | Gauntlet | Found a runed translucent door.
 13009 | Gauntlet | Found a large runed translucent door.
 13010 | Gauntlet | Found a large runed translucent door.
 13010 | Gauntlet | Found a large runed translucent door.
 13010 | Gauntlet | Found a large runed translucent door.
 13010 | Gauntlet | Found a large runed translucent door.
 13010 | Gauntlet | Found a large runed translucent door.
 13011 | Gauntlet | Found a large runed translucent door.
 13011 | Gauntlet | Found a large runed translucent door.
 13012 | Gauntlet | Found a runed translucent gate.
 13012 | Gauntlet | Found a runed translucent gate.
 13012 | Gauntlet | Found a runed translucent gate.
 13014 | Gauntlet | Found a transporter.
 13021 | Gauntlet | Identified the ring of Gehaemed {MR+ MP+9 Str+3}
 13024 | Gauntlet | Found a large runed translucent door.
 13025 | Gauntlet | Found a large runed translucent door.
 13033 | Gauntlet | Found a transporter.
 13142 | Gauntlet | Found a large runed translucent door.
 13142 | Gauntlet | Found a large runed translucent door.
 13239 | Gauntlet | Slain by a wyvern simulacrum

Levels and vault maps discovered:
D:1:      roderic_dead_forest, layout_loops_ring, chequers_mini_garden,
          minmay_pentomino_x2
D:2:      layout_loops_corners, kennysheep_potato, uniq_jessica,
          uniq_crazy_yiuf_cottage
D:3:      layout_loops_ring, nicolae_overflow_crystal_walls,
          biasface_ghost_orc_armoury, dk_noncrumbling_3, minmay_distorted
D:4:      cheibrodos_thug_alley, layout_basic, kennysheep_generic_room_9,
          uniq_sigmund, uniq_duvessa, uniq_menkaure
D:5:      layout_basic, temple_statues, first_ration, solitary_fountain
D:6:      layout_basic, old_standard_altar, nicolae_ashenzari_panopticon,
          eat_drink_and_be_merry_uskayaw, ebering_ghost_xom
D:7:      layout_rooms, xom_shifter_show, serial_shops, shop, basic_altar
D:8:      layout_rooms, marbit_many_paths, david_lair_generic, serial_shops,
          shop, grunt_qazlal_sundering, uniq_maurice, uniq_pikel, uniq_psyche
D:9:      layout_loops_ring, david_nohive_1, kennysheep_generic_room_5
D:10:     layout_basic, special_room [special_room_kobold]
D:11:     layout_loops_ring, uniq_josephine
Temple:   eino_temple_rhombus
Lair:1:   beast_lair_carwin_large_2, layout_small_grid, minmay_shattered_shrine,
          uniq_urug, uniq_gastronok, uniq_erica
Lair:2:   layout_layer_cave, gauntlet_entry_generic, forest_entry_grove,
          grunt_megastairs_3
Gauntlet: gammafunk_gauntlet_hard_choice [gammafunk_gauntlet_arena_open,
          gammafunk_gauntlet_arena_mazey, nicolae_gauntlet_arena_t_cross,
          nicolae_gauntlet_arena_quarters, gammafunk_gauntlet_arena_grid,
          minmay_gauntlet_arena_make_your_own_arena, gauntlet_exit_green]

Skill      XL: |  1  2  3  4  5  6  7  8  9 10 11 12 |
---------------+-------------------------------------+-----
Fighting       | 3 4 5 6 7 9 |  9.4
Maces & Flails | 2 3 4 |  4.0
Armour         | 2 3 4 5 6 7 |  7.4
Stealth        | 2 3 4 5 7 9 10 11 12 | 12.0
Short Blades   | 1 2 3 4 6 7 |  7.4
Dodging        | 1 2 3 4 5 |  5.4
Throwing       | 1 2 |  2.0
Crossbows      | |  1.0
Shields        | |  1.0
Evocations     | |  0.7

Action                   |  1- 3 |  4- 6 |  7- 9 | 10-12 || total
-------------------------+-------+-------+-------+-------++-------
Melee: Mace              |    15 |       |       |       ||    15
       Dagger            |    38 |   202 |   324 |   574 ||  1138
       Bite              |    11 |    68 |   154 |   242 ||   475
       Flail             |       |       |    16 |    68 ||    84
       Punch             |       |       |       |     1 ||     1
Throw: Dart              |       |       |       |    17 ||    17
       Throwing net      |       |       |       |     1 ||     1
Invok: Heroism           |       |       |       |     1 ||     1
Evoke: Wand              |       |       |       |     6 ||     6
  Use: Scroll            |     3 |     3 |     7 |    19 ||    32
       Potion            |       |       |       |     5 ||     5
 Stab: Sleeping          |     3 |     3 |    13 |     8 ||    27
       Distracted        |       |       |     2 |     4 ||     6
  Eat: Chunk             |       |    11 |    11 |     6 ||    28
       Ration            |       |       |       |     4 ||     4
Armor: Ring mail         |    16 |    48 |   101 |   176 ||   341
       Skin              |       |       |       |    31 ||    31
Dodge: Dodged            |    26 |    73 |   135 |   343 ||   577

Table legend:
 A = Non-vault XP
 B = Vault XP
 C = Vault XP percentage of total XP
 D = Non-vault monster count
 E = Vault monster count
 F = Vault count percentage of total count
                 A         B        C        D         E       F
            +---------+---------+-------+---------+---------+-------
      Total |   13376 |    9005 |  40.2 |     236 |      71 |  23.1
            +---------+---------+-------+---------+---------+-------
        D:1 |      36 |       1 |   2.7 |      18 |       1 |   5.3
        D:2 |     101 |      41 |  28.9 |      23 |       3 |  11.5
        D:3 |     150 |       5 |   3.2 |      23 |       3 |  11.5
        D:4 |     509 |     708 |  58.2 |      26 |      16 |  38.1
        D:5 |     458 |      76 |  14.2 |      22 |       1 |   4.3
        D:6 |     820 |       0 |   0.0 |      24 |       0 |   0.0
        D:7 |     556 |     410 |  42.4 |      18 |       1 |   5.3
        D:8 |     861 |    1656 |  65.8 |      11 |       7 |  38.9
        D:9 |    2215 |    1415 |  39.0 |      24 |      19 |  44.2
       D:10 |    1264 |    1160 |  47.9 |      14 |      15 |  51.7
       D:11 |    4007 |     444 |  10.0 |      20 |       2 |   9.1
     Lair:1 |    2399 |    2863 |  54.4 |      13 |       2 |  13.3
   Gauntlet |       0 |     226 | 100.0 |       0 |       1 | 100.0
            +---------+---------+-------+---------+---------+-------
